 Dungeon Crawl Stone Soup version 0.29-a0-757-g358383bc75 (webtiles) character file.

Game seed: 6621006508571159872

23 happo123 the Chopper (level 3, -4/33 HPs)
             Began as a Hill Orc Monk on June 30, 2022.
             Splashed by a jelly's acid (8 damage)
             ... on level 2 of the Dungeon.
             The game lasted 00:06:08 (1066 turns).

happo123 the Chopper (Hill Orc Monk)                Turns: 1066, Time: 00:06:08

Health: -4/33      AC: -2    Str: 15    XL:     3   Next: 0%
Magic:  3/3        EV: 10    Int: 16    God:
Gold:   89         SH:  0    Dex: 13    Spells: 2/2 levels left

rFire   . . .      SeeInvis .   a - +0 hand axe
rCold   . . .      Faith    .   (no shield)
rNeg    + . .      Spirit   .   k - +0 scale mail
rPois   .          Reflect  .   (no helmet)
rElec   .          Harm     .   g - +2 cloak {Stlth+}
rCorr   .          Rampage  .   (no gloves)
Will    .....                   (no boots)
Stlth   +.........              (no amulet)
HPRegen 0.11/turn               f - ring of positive energy
MPRegen 0.08/turn               h - +6 ring of intelligence

@: corroded
A: no striking features
a: no special abilities


You were on level 2 of the Dungeon.
You visited 1 branch of the dungeon, and saw 2 of its levels.

You collected 89 gold pieces.

Inventory:

Hand Weapons
 a - a +0 hand axe (weapon)
Missiles
 p - 2 atropa-tipped darts (quivered)
Armour
 b - a +0 robe
 g - a +2 cloak of stealth (worn)
 i - a scarf of invisibility
 k - a +0 scale mail (worn)
Jewellery
 f - a ring of positive energy (left hand)
 h - a +6 ring of intelligence (right hand)
Scrolls
 d - a scroll of fear {unknown}
 j - 2 scrolls of identify {unknown}
 l - a scroll of enchant weapon {unknown}
 m - a scroll of poison {unknown}
 n - a scroll of enchant armour {unknown}
Potions
 c - a potion of ambrosia
 e - a potion of might {unknown}
 o - a potion of degeneration {unknown}


   Skills:
 * Level 4.1 Fighting
 * Level 4.3 Axes
 + Level 0.2 Armour
 + Level 2.5 Dodging
 + Level 1.8 Stealth
 + Level 0.4 Fire Magic
 + Level 0.2 Evocations


You had 2 spell levels left.
You didn't know any spells.
Your spell library contained the following spells:

 Spells                   Type           Power      Damage    Failure   Level
 Sublimation of Blood     Necr           0%         N/A       83%         2
 Wereblood                Tmut           0%         N/A       83%         2
 Olgreb's Toxic Radiance  Pois           0%         N/A       100%        4
 Fireball                 Conj/Fire      0%         3d3       100%        5
 Starburst                Conj/Fire      0%         6d3       100%        6
 Ozocubu's Refrigeration  Ice            0%         4d5       100%        7
 Summon Hydra             Summ           0%         N/A       100%        7
 Ignition                 Fire           0%         3d3       100%        8


Dungeon Overview and Level Annotations

Branches:
Dungeon (2/15)

Altars:


Message History

You have reached level 3!
Your experience leads to an increase in your attributes!
Your base attributes are Str 13, Int 10, Dex 13.
Increase (S)trength, (I)ntelligence, or (D)exterity?
You feel stronger. x2
You see here 9 stones.
There is an open door here.
You open the door.
A jelly and a worm come into view.
Found a cabochon ring and a plate armour.
There is an open door here.
You hit the worm.
The worm is lightly wounded.
The jelly quivers.
The worm bites you.
You barely miss the worm.
The worm is lightly wounded.
You hit the jelly.
Your hands burn!
The jelly hits you but does no damage.
You barely miss the worm.
The worm is lightly wounded.
You hit the jelly.
Your hands burn!
The worm misses you. The jelly hits you. The acid corrodes you!
You are splashed with acid!
You hit the worm.
The worm is lightly wounded.
You hit the jelly.
Your hands burn!
* * * LOW HITPOINT WARNING * * *
The jelly hits you but does no damage. The worm misses you.
You barely miss the jelly.
The jelly is moderately wounded.
You hit the worm but do no damage. The jelly barely misses you.
You hit the jelly. The acid corrodes you!
Your hands burn!
* * * LOW HITPOINT WARNING * * *
The jelly is moderately wounded.
You hit the worm but do no damage. The jelly closely misses you.
The worm bites you.
* * * LOW HITPOINT WARNING * * *
The jelly hits you.
* * * LOW HITPOINT WARNING * * *
The acid corrodes you!
You are splashed with acid!
You die...

...##.....###.....##
....##...## ##...##
....###'#######'#######
...#...................
.......................
...#..........^........
...####'#######'#######
...###...## ##...##
...##.....###...@.#
##.#.......#...wJ..#
#.#.......#.......#
###......(#...[...#
##.....###.....##
##...## ##...## #####
#####


You could see a worm and a jelly.

Vanquished Creatures
  2 ball pythons
  A bat (D:1)
  3 endoplasms
  4 goblins (D:1)
  4 hobgoblins
  2 kobolds
  A quokka (D:2)
  3 frilled lizards
20 creatures vanquished.

Vanquished Creatures (others)
  15 plants (D:1)
15 creatures vanquished.

Grand Total: 35 creatures vanquished

Notes
Turn   | Place    | Note
-------+----------+-------------------------------------------
     0 | D:1      | happo123 the Hill Orc Monk began the quest for the Orb.
     0 | D:1      | Reached XP level 1. HP: 19/19 MP: 1/1
   467 | D:1      | Reached XP level 2. HP: 23/27 MP: 2/2
  1044 | D:2      | Reached XP level 3. HP: 33/33 MP: 3/3
  1066 | D:2      | Splashed by a jelly's acid

Illustrated notes

Levels and vault maps discovered:
D:1:      psy_arrival_radial01, layout_basic, serial_bayou_lagoon_a,
          minmay_crystal_room
D:2:      kennysheep_six_static_rooms, layout_rooms,
          shapermc_ecumenical_altar_venn, st_stairs_4,
          kennysheep_generic_room_11

Skill      XL: |  1  2 |
---------------+-------+-----
Fighting       | 4 |  4.1
Axes           | |  4.3
Armour         | |  0.2
Dodging        | |  2.5
Stealth        | |  1.8
Fire Magic     | |  0.4
Evocations     | |  0.2

Action                   || total
-------------------------++-------
Melee: Hand axe          ||    67
 Stab: Sleeping          ||     2
Armor: Scale mail        ||    26
Dodge: Dodged            ||    30

Table legend: (Time is in decaauts)
 A = Elapsed time spent in this place.
 B = Non-inter-level travel time spent in this place.
 C = Inter-level travel time spent in this place.
 D = Time resting spent in this place.
 E = Time spent auto-exploring this place.
 F = Levels seen in this place.
 G = Mean time per level.
                   A        B        C        D        E       F      G
               +--------+--------+--------+--------+--------+-----+--------+
         Total |   1092 |    599 |    493 |      0 |    368 |   2 |  546.0 |
       Dungeon |   1092 |    599 |    493 |      0 |    368 |   2 |  546.0 |
               +--------+--------+--------+--------+--------+-----+--------+

Top non-repeatable levels by time:
     D:1: 928 daAuts
     D:2: 163 daAuts
